 Dungeon Crawl Stone Soup version 0.23-a0-79-gaa8cc03 (webtiles) character file.

67 Letos the Chiller (level 3, -9/19 HPs)
             Began as a Deep Elf Ice Elementalist on Aug 12, 2018.
             Killed from afar by a leopard gecko (28 damage)
             ... with an exploding inner flame
             ... hexed by the player character
             ... on level 2 of the Dungeon.
             The game lasted 00:05:28 (1893 turns).

Letos the Chiller (Deep Elf Ice Elementalist)       Turns: 1893, Time: 00:05:28

Health: -9/19      AC: -2    Str:  5    XL:     3   Next: 98%
Magic:  6/9        EV: 13    Int: 20    God:
Gold:   65         SH:  0    Dex: 15    Spells: 2/8 levels left

rFire    . . .     SeeInvis .   f - +0 dagger
rCold    . . .     Gourm    .   (no shield)
rNeg     . . .     Faith    .   a - +1 robe
rPois    .         Spirit   .   (no helmet)
rElec    .         Reflect  .   (no cloak)
rCorr    .         Harm     .   (no gloves)
MR       .....                  (no boots)
Stlth    ++........             (no amulet)
HPRegen  0.06/turn              k - -5 ring of protection (curse)
MPRegen  0.11/turn              (no ring)

@: no status effects
A: no striking features
a: no special abilities


You were on level 2 of the Dungeon.
You were not hungry.

You visited 1 branch of the dungeon, and saw 2 of its levels.

You collected 65 gold pieces.

Inventory:

Hand Weapons
 f - a +0 dagger (weapon)
Armour
 a - a +1 robe (worn)
Jewellery
 k - a cursed -5 ring of protection (left hand)
Scrolls
 d - a scroll of enchant armour
 g - a scroll of identify
 h - 2 scrolls of magic mapping
 i - 2 scrolls of teleportation
Potions
 b - 2 potions of lignification {unknown}
 e - 3 potions of invisibility
Comestibles
 c - 6 rations
 m - a chunk of flesh


   Skills:
 - Level 2.4 Dodging
 - Level 2.4 Stealth
 - Level 3.0 Spellcasting
 + Level 2.0 Conjurations
 + Level 5.0 Ice Magic


You had 2 spell levels left.
You knew the following spells:

 Your Spells              Type           Power        Failure   Level  Hunger
a - Freeze                Ice            ###.         1%          1    None
b - Throw Frost           Conj/Ice       ###...       4%          2    ##.....
c - Ozocubu's Armour      Chrm/Ice       ##......     16%         3    ###....

Your spell library contained the following spells:

 Spells                   Type           Power        Failure   Level  Hunger
 Summon Ice Beast         Ice/Summ       ##......     45%         4    ####...
 Throw Icicle             Conj/Ice       ###.....     32%         4    ####...


Dungeon Overview and Level Annotations

Branches:
Dungeon (2/15)

Altars:


Message History

The creatures around you are filled with an inner flame!
It was a scroll of immolation.
Casting: Freeze (safe; 1% risk of failure)
Confirm with . or Enter, or press ? or * to list all spells.
Aiming: Throw Frost (safe; 4% risk of failure)
Press: ? - help, Shift-Dir - straight line, f - leopard gecko
Aim: a leopard gecko (clinging, resting, inner flame)
The puff of frost hits the leopard gecko.
The leopard gecko is severely wounded.
The leopard gecko hisses angrily.
Casting: Throw Frost (safe; 4% risk of failure)
Confirm with . or Enter, or press ? or * to list all spells.
Aiming: Freeze (safe; 1% risk of failure)
Press: ? - help, Shift-Dir - straight line, f/p - leopard gecko
Aim: a leopard gecko (severely wounded, clinging, inner flame)
You freeze the leopard gecko.
The leopard gecko explodes!
The fiery explosion engulfs you!
Ouch! That really hurt!
You die...

,*******,,* *,⌠,⌠**
,* *,,* **,,,**
,*******,,*****,*,#*
,,,,,,,,,,,,,,,#*#.*
,*****,********.#.#*
,* *,* *#..#**
,*****,* #..,,*
,,,,,,,**#######.##,*
,****,,,,.......@§#,*
,* *,***#######§.#,*
** *,* #§§#,* * *,*
#..#,* * *,* #.(#,*
*****,******* #..#,*
,,,,,,,,,,,,***#..#,*
###**,**,,,,,,,...#,*
...,,,,,,**,,,,....,*


There were no monsters in sight!

Vanquished Creatures
  An adder (D:2)
  3 worms (D:2)
  A dart slug (D:1)
  10 bats
  3 giant cockroaches (D:1)
  7 goblins
  5 hobgoblins (D:1)
  3 jackals (D:1)
  5 kobolds
  6 rats
44 creatures vanquished.

Notes
Turn   | Place    | Note
-------+----------+-------------------------------------------
     0 | D:1      | Letos the Deep Elf Ice Elementalist began the quest for the Orb.
     0 | D:1      | Reached XP level 1. HP: 10/10 MP: 6/6
   228 | D:1      | Reached XP level 2. HP: 15/15 MP: 1/8
   229 | D:1      | Reached skill level 4 in Ice Magic
   651 | D:1      | Reached XP level 3. HP: 18/19 MP: 7/9
   655 | D:1      | Learned a level 2 spell: Throw Frost
   660 | D:1      | Learned a level 3 spell: Ozocubu's Armour
  1418 | D:2      | Reached skill level 5 in Ice Magic
  1893 | D:2      | Killed from afar by a leopard gecko

Vault maps used:
D:1:      dpeg_arrival_stone_temple_mockup, minmay_misc_feat_room
D:2:      nemelex_xobeh_ov_fountains_minmay, overflow_temple_1_default

Skill      XL: |  1  2  3 |
---------------+----------+-----
Ice Magic      | 4 5 |  5.0
Conjurations   | 2 |  2.0
Dodging        | |  2.4
Stealth        | |  2.4
Spellcasting   | |  3.0

Action                   || total
-------------------------++-------
Melee: Dagger            ||    22
 Cast: Freeze            ||    50
       Throw Frost       ||     3
  Use: Scroll            ||     6
 Stab: Sleeping          ||    10
  Eat: Chunk             ||     3
Armor: Robe              ||     6
Dodge: Dodged            ||    33

Table legend:
 A = Non-vault XP
 B = Vault XP
 C = Vault XP percentage of total XP
 D = Non-vault monster count
 E = Vault monster count
 F = Vault count percentage of total count
 G = Total turns spent on level
                 A         B        C        D         E       F
            +---------+---------+-------+---------+---------+-------
      Total |      96 |       0 |   0.0 |      44 |       0 |   0.0
            +---------+---------+-------+---------+---------+-------
        D:1 |      49 |       0 |   0.0 |      26 |       0 |   0.0
        D:2 |      47 |       0 |   0.0 |      18 |       0 |   0.0
            +---------+---------+-------+---------+---------+-------
